 Dungeon Crawl Stone Soup version 0.30.2 (webtiles) character file.

Game seed: 11058744774863282906

578454 suse60 the Conqueror (level 25, -28/257 HPs)
             Began as a Minotaur Gladiator on Jan 8, 2024.
             Was an Elder of Ashenzari.
             Killed from afar by an orb of fire (37 damage)
             ... with a fireball
             ... on level 1 of the Realm of Zot on Feb 4, 2024.
             The game lasted 08:49:41 (66068 turns).

suse60 the Conqueror (Minotaur Gladiator)          Turns: 66068, Time: 08:49:44

Health: -28/257    AC: 58    Str: 34    XL:     25   Next: 86%
Magic:  22/22      EV: 22    Int:  5    God:    Ashenzari [****..]
Gold:   4740       SH: 22    Dex: 18    Spells: 24/24 levels left

rFire   . . .        a - +9 war axe (vamp)
rCold   + . .        f - +3 kite shield {AC+3}
rNeg    . . .        w - +14 crystal plate armour of Supernal Gnosis {rC+, Fort, Melee} (curse)
rPois   .            W - +0 mask of the Dragon {Will+ Slay+3 SInv, Bglg, Melee} (curse)
rElec   .            l - +2 cloak of Cremastomancy {Melee, Range} (curse)
rCorr   +            P - +2 pair of gloves "Ethics of Ashenzari" {Dex+3, Fort, Bglg} (curse)
SInv    +            v - +2 pair of boots of Ashenzari's Malaise {Stlth+, Melee, Elem} (curse)
Will    ++...        k - amulet "Ruined Adversity" {Acrobat, Cun, Melee} (curse) Stlth
                     j - ring of the Elysian Skepticism {Str+6, Evo, Fort} (curse)
HPRegen 0.62/turn    N - ring of resist corrosion
MPRegen 0.18/turn

%: acrobat, clarity
@: studying 2 skills, unable to drink
A: horns 2, retaliatory headbutt, berserk 2, inability to drink after injury 1,
devolution 1
}: 3/15 runes: decaying, serpentine, silver
a: Renounce Religion, Curse Item, Shatter the Chains


You were on level 1 of the Realm of Zot.
You worshipped Ashenzari.
Ashenzari was greatly pleased with you.
You visited 13 branches of the dungeon, and saw 49 of its levels.
You visited the Abyss 1 time.
You also visited: Ossuary, Gauntlet, Ice Cave and Wizlab.

You collected 8305 gold pieces.
You spent 3565 gold pieces at shops.

Inventory:

Hand Weapons
 a - a +9 vampiric war axe (weapon)
 F - a +3 war axe of flaming
 M - the +7 battleaxe of Fygheph {antimagic, rElec rPois}
   (You found it on level 5 of the Vaults)

   rElec:     It insulates you from electricity.
   rPois:     It protects you from poison.
Missiles
 J - 15 javelins (quivered)
Armour
 f - a +3 kite shield of protection (worn)
 l - the cursed +2 cloak of Cremastomancy (worn) {Melee, Range}
   (You found it on level 9 of the Dungeon)

   It has a curse which improves the following skills: Melee Combat: Short
   Blades, Long Blades, Axes, Maces & Flails, Polearms, Staves and Unarmed
   Combat.
   Ranged Combat: Ranged Weapons and Throwing.
 v - the cursed +2 pair of boots of Ashenzari's Malaise (worn) {Stlth+, Melee, Elem}
   (You found it in a Gauntlet)

   It has a curse which improves the following skills: Melee Combat: Short
   Blades, Long Blades, Axes, Maces & Flails, Polearms, Staves and Unarmed
   Combat.
   Elements:  Fire Magic, Ice Magic, Air Magic and Earth Magic.
 w - the cursed +14 crystal plate armour of Supernal Gnosis (worn) {rC+, Fort, Melee}
   (You found it in an ice cave)

   It has a curse which improves the following skills: Fortitude: Armour and
   Shields.
   Melee Combat: Short Blades, Long Blades, Axes, Maces & Flails, Polearms,
   Staves and Unarmed Combat.
 P - the cursed +2 pair of gloves "Ethics of Ashenzari" (worn) {Dex+3, Fort, Bglg}
   (You found it on level 2 of the Crypt)

   It has a curse which improves the following skills: Fortitude: Armour and
   Shields.
   Beguiling: Conjurations, Hexes and Translocations.
 W - the cursed +0 mask of the Dragon (worn) {Will+ Slay+3 SInv, Bglg, Melee}
   (You found it on level 1 of the Depths)

   Slay:      It affects your accuracy & damage with ranged weapons and melee
   (+3).
   SInv:      It lets you see invisible.
   Will:      It increases your willpower.
   It has a curse which improves the following skills: Beguiling: Conjurations,
   Hexes and Translocations.
   Melee Combat: Short Blades, Long Blades, Axes, Maces & Flails, Polearms,
   Staves and Unarmed Combat.
Jewellery
 j - the cursed ring of the Elysian Skepticism (left hand) {Str+6, Evo, Fort}
   (You found it on level 1 of the Dungeon)

   [ring of strength]

   Str:       It affects your strength (+6).
   It has a curse which improves the following skills: Evocations: Evocations.
   Fortitude: Armour and Shields.
 k - the cursed amulet "Ruined Adversity" (around neck) {Acrobat, Cun, Melee}
   (You found it on level 9 of the Dungeon)

   [amulet of the acrobat]

   It increases your evasion while moving and waiting.
   It has a curse which improves the following skills: Cunning: Dodging and
   Stealth.
   Melee Combat: Short Blades, Long Blades, Axes, Maces & Flails, Polearms,
   Staves and Unarmed Combat.
 s - a ring of magical power
 B - a ring of protection from cold
 G - a +6 ring of strength
 H - the ring of Recklessness {rF+ AC+4}
   (You found it on level 3 of the Crypt)

   [ring of protection]

   AC:        It affects your AC (+4).
   rF:        It protects you from fire.
 N - a ring of resist corrosion (right hand)
 Q - a ring of protection from fire
 U - a ring of poison resistance
Wands
 c - a wand of mindburst (39)
 e - a wand of digging (13)
 h - a wand of flame (40)
 y - a wand of iceblast (43)
 A - a wand of light (18)
Scrolls
 b - 9 scrolls of magic mapping
 g - 26 scrolls of teleportation
 m - 3 scrolls of brand weapon
 o - 13 scrolls of fog
 q - 5 scrolls of poison
 r - 10 scrolls of fear
 t - a scroll of silence
 D - 2 scrolls of blinking
 L - 6 scrolls of summoning
Potions
 d - 6 potions of heal wounds
 i - 26 potions of curing
 n - 16 potions of flight
 p - a potion of ambrosia
 u - 11 potions of haste
 x - 16 potions of mutation
 z - 6 potions of magic
 C - 5 potions of invisibility
 K - 3 potions of might
 R - 4 potions of cancellation
 T - a potion of resistance
Miscellaneous
 I - a lightning rod (4/4)
 O - a phial of floods


   Skills:
 O Level 27 Fighting
 - Level 24.0(27) Axes
 - Level 5.6(7.4) Throwing
 + Level 21.4(24.6) Armour
 - Level 26.0(27) Dodging
 - Level 24.9(27) Shields
 - Level 14.7(16.4) Evocations


You had 24 spell levels left.
You didn't know any spells.
Your spell library contained the following spells:

 Spells                   Type           Power      Damage    Failure   Level
 Magic Dart               Conj           0%         1d3       94%         1
 Slow                     Hex            0%         N/A       94%         1
 Foxfire                  Conj/Fire      0%         2x1d4     95%         1
 Freeze                   Ice            0%         1d3       95%         1
 Kiss of Death            Conj/Necr      0%         2d5       95%         1
 Necrotise                Necr           0%         1d4       96%         1
 Sting                    Tmut/Pois      0%         1d3       96%         1
 Summon Small Mammal      Summ           0%         N/A       96%         1
 Ensorcelled Hibernation  Hex/Ice        0%         N/A       98%         2
 Searing Ray              Conj           0%         2d4       98%         2
 Call Imp                 Summ           0%         N/A       99%         2
 Cigotuvi's Dreadful Rot  Necr/Pois/Air  0%         N/A       99%         2
 Poisonous Vapours        Pois/Air       0%         N/A       99%         2
 Sublimation of Blood     Necr           0%         N/A       99%         2
 Wereblood                Tmut           0%         N/A       99%         2
 Call Canine Familiar     Summ           0%         N/A       100%        3
 Confusing Touch          Hex            0%         N/A       100%        3
 Hailstorm                Conj/Ice       0%         3d3       100%        3
 Ignite Poison            Fire/Tmut/Pois 0%         N/A       100%        3
 Mephitic Cloud           Conj/Pois/Air  0%         N/A       100%        3
 Ozocubu's Armour         Ice            0%         N/A       100%        3
 Portal Projectile        Hex/Tloc       0%         N/A       100%        3
 Spider Form              Tmut/Pois      0%         N/A       100%        3
 Stone Arrow              Conj/Erth      0%         3d7       100%        3
 Summon Guardian Golem    Hex/Summ       0%         N/A       100%        3
 Tukima's Dance           Hex            0%         N/A       100%        3
 Vampiric Draining        Necr           0%         2d6       100%        3
 Vhi's Electric Charge    Tloc/Air       0%         N/A       100%        3
 Volatile Blastmotes      Fire/Tloc      0%         2d10      100%        3
 Anguish                  Hex/Necr       0%         N/A       100%        4
 Animate Armour           Summ/Erth      0%         N/A       100%        4
 Animate Dead             Necr           0%         N/A       100%        4
 Cause Fear               Hex            0%         N/A       100%        4
 Dispel Undead            Necr           0%         3d6       100%        4
 Fulminant Prism          Conj/Hex       0%         3d5       100%        4
 Iskenderun's Mystic Bla  Conj/Tloc      0%         2d3       100%        4
 Leda's Liquefaction      Hex/Erth       0%         N/A       100%        4
 Olgreb's Toxic Radiance  Pois           0%         N/A       100%        4
 Passage of Golubria      Tloc           0%         N/A       100%        4
 Petrify                  Tmut/Erth      0%         N/A       100%        4
 Sticky Flame             Conj/Fire      0%         2d3       100%        4
 Agony                    Necr           0%         N/A       100%        5
 Alistair's Intoxication  Tmut/Pois      0%         N/A       100%        5
 Arcjolt                  Conj/Air       0%         1d10      100%        5
 Blade Hands              Tmut           0%         N/A       100%        5
 Borgnjor's Vile Clutch   Necr/Erth      0%         N/A       100%        5
 Fireball                 Conj/Fire      0%         3d3       100%        5
 Freezing Cloud           Conj/Ice/Air   0%         6-21      100%        5
 Irradiate                Conj/Tmut      0%         3d11      100%        5
 Lee's Rapid Deconstruct  Erth           0%         3d4*      100%        5
 Silence                  Hex/Air        0%         N/A       100%        5
 Summon Forest            Summ/Tloc      0%         N/A       100%        5
 Summon Mana Viper        Hex/Summ       0%         N/A       100%        5
 Yara's Violent Unravell  Hex/Tmut       0%         3d3       100%        5
 Conjure Ball Lightning   Conj/Air       0%         3x3d6     100%        6
 Death Channel            Necr           0%         N/A       100%        6
 Plasma Beam              Fire/Air       0%         2x1d11    100%        6
 Starburst                Conj/Fire      0%         6d3       100%        6
 Statue Form              Tmut/Erth      0%         N/A       100%        6
 Summon Cactus Giant      Summ           0%         N/A       100%        6
 Dragon Form              Tmut           0%         N/A       100%        7
 Enfeeble                 Hex            0%         N/A       100%        7
 Malign Gateway           Summ/Tloc      0%         N/A       100%        7
 Orb of Destruction       Conj           0%         9d5       100%        7
 Ozocubu's Refrigeration  Ice            0%         4d7       100%        7
 Spellforged Servitor     Conj/Summ      0%         N/A       100%        7
 Summon Hydra             Summ           0%         N/A       100%        7
 Borgnjor's Revivificati  Necr           0%         N/A       100%        8
 Discord                  Hex            0%         N/A       100%        8
 Disjunction              Tloc           0%         N/A       100%        8
 Ignition                 Fire           0%         3d3       100%        8
 Lehudib's Crystal Spear  Conj/Erth      0%         10d2      100%        8
 Maxwell's Capacitive Co  Air            0%         ∞         100%        8
 Necromutation            Tmut/Necr      0%         N/A       100%        8
 Chain Lightning          Conj/Air       0%         N/A       100%        9
 Death's Door             Necr           0%         N/A       100%        9
 Fire Storm               Conj/Fire      0%         5d1       100%        9
 Shatter                  Erth           0%         3d5*      100%        9


Dungeon Overview and Level Annotations

Branches:
Dungeon (15/15)            Temple (1/1) D:7            Lair (5/5) D:11
  Swamp (4/4) Lair:3        Snake (4/4) Lair:3        Slime (1/5) Lair:4
    Orc (2/2) D:10            Elf (3/3) Orc:2        Vaults (5/5) D:13
  Crypt (3/3) Vaults:3       Tomb (1/3) Crypt:3      Depths (4/4) D:15
    Zot (1/5) Depths:4    Ossuary (visited)           IceCv (visited)
 WizLab (visited)         Gauntlet (visited)

Altars:
Ashenzari
Fedhas
Gozag
Kikubaaqudgha
Nemelex Xobeh
Okawaru
Qazlal
Ru
Vehumet
Wu Jian
Yredelemnul
Zin
The Shining One
Jiyva

Shops:
D:4 *(?   D:8 *   D:9 (   D:15 ?(   Orc:2 :?(!:   Elf:1 !   Snake:3 *
Vaults:2 *(*   Depths:4 *

Portals:
Hell: Depths:1 Depths:2 Depths:3 Depths:4
Abyss: Depths:1 Depths:3
Pandemonium: Depths:2 Depths:3 Depths:4
Ziggurat: Depths:3

Annotations:
Vaults:1 Vorhees's ghost, adept DsFi


Innate Abilities, Weirdness & Mutations

You have a pair of horns on your head.
You reflexively headbutt those who attack you in melee.
You have an uncontrollable temper.
You occasionally lose the ability to drink potions when taking damage.
You have hidden genetic defects.


Message History

You kill the jelly!
s - a ring of magical power You see here a manual of Evocations.
Something appears at your feet!
You pick up a manual of Evocations and begin studying.
You see here a manual of Evocations.
Something appears at your feet!
You pick up another manual of Evocations and continue studying.
The orb of fire glows bright magenta.
The bolt of fire hits you!!!
The orb of fire glows yellow.
The fireball explodes!
The fireball engulfs you!!
You hear a roar! x3
The orb of fire glows bright magenta.
Strange energies course through your body.
You feel extremely angry at everything!
The orb of fire glows yellow.
Strange energies course through your body.
You occasionally lose the ability to drink potions when taking damage.
The orb of fire glows deep purple.
The fireball explodes!
The fireball engulfs you!!!
The fireball engulfs the orb of fire.
The orb of fire completely resists.
You hear a roar! x2
You hit the orb of fire but do no damage.
Your headbutt misses the orb of fire.
The orb of fire glows bright magenta.
The fireball explodes!
The fireball engulfs you!!!
* * * LOW HITPOINT WARNING * * *
The fireball engulfs the orb of fire.
The orb of fire completely resists.
You slice the orb of fire!! Your headbutt misses the orb of fire.
The orb of fire is lightly damaged.
The orb of fire emits a lurid red light.
The fireball explodes!
The fireball engulfs you!!!
You feel threatened and lose the ability to drink potions!
* * * LOW HITPOINT WARNING * * *
The fireball engulfs the orb of fire.
The orb of fire completely resists.
Blink to where?
Press: ? - help, Q - select action, (/) - cycle Dir - move target
As you read the scroll of blinking, it crumbles to dust.
The orb of fire glows deep purple.
The fireball explodes!
The fireball engulfs you!!!
You die...

, ...#
#...##kdJ# ,,
** #..#
#....Jdd.# ,
#..#
#.{#.'k*d#, *
#..#
#..###.Jq# ,,*
#..# #..#
##kJJ* ,,
#..######..#
#.JJ *,,
#..........#
##{k. * *
#.....*....#
#... * ,
#.@######...##
##.. * * #..#
*#...## *
######..#
#...## * ,
........##
*#...## *
,.........##
##...## *,
#######...##
##...## ,
##...## ##....
, * ##...##
##... *
##...## ####


You could see an orb of fire.

Vanquished Creatures
  An ancient lich (Vaults:4)
  A juggernaut (Depths:3)
  A Head Instructor (WizLab)
  2 royal mummies (Tomb:1)
  The ghost of Dig Dirch the Warrior, a veteran DsEE of Gozag (Depths:4)
  Saint Roka (Snake:3)
  Margery (Vaults:4)
  4 caustic shrikes
  Nikola (Swamp:3)
  7 golden dragons
  The ghost of nullcheck the Shatterer, an adept AtFi of Okawaru (Vaults:1)
  3 bone dragons
  11 tentacled monstrosities
  Asterion (Snake:3)
  A walking crystal tome (Depths:3)
  Mlioglotl (Snake:1)
  4 liches
  8 titans
  3 quicksilver dragons
  2 walking divine tomes
  2 walking frostbound tomes
  A deep elf blademaster (Elf:2)
  7 acid blobs
  8 sphinxes
  An Executioner (Abyss:2)
  A tentacled starspawn (Abyss:2)
  A death cob (Zot:1)
  4 ancient champions
  A thorn hunter (Swamp:4)
  Kirke (D:15)
  Roxanne (Snake:2)
  5 tengu reavers
  The ghost of Eheodege the Ruinous, an adept DECj of Sif Muna (Snake:3)
  6 storm dragons
  An azure jelly (Slime:1)
  7 revenants
  A fenstrider witch (Swamp:4)
  Donald (Orc:1)
  7 shadow dragons
  4 draconian monks
  11 fire giants
  2 rockslimes (Slime:1)
  A nagaraja (Snake:4)
  12 frost giants
  5 draconian knights
  21 vault wardens
  4 deep elf sorcerers
  2 iron dragons
  A draconian stormcaller (Depths:4)
  2 spectral juggernauts (Crypt:3)
  A curse skull (Crypt:3)
  A juggernaut zombie (Depths:2)
  Aizul (Snake:1)
  2 draconian shifters (Zot:1)
  2 ghouls (Crypt:2)
  4 draconian scorchers (Zot:1)
  An orc warlord (Vaults:4)
  6 spectral caustic shrikes (Depths:2)
  2 juggernaut skeletons
  A caustic shrike zombie (Crypt:3)
  A reaper (IceCv)
  4 spriggan defenders (Depths:3)
  13 stone giants
  20 ironbound preservers
  A quicksilver ooze (shapeshifter) (Depths:4)
  3 caustic shrike skeletons
  2 war gargoyles
  3 draconian annihilators
  5 ironbound thunderhulks
  2 deep elf demonologists
  20 very ugly things
  A quicksilver ooze (Slime:1)
  An eleionoma (Swamp:3)
  4 bennus (Tomb:1)
  A starcursed mass (Abyss:2)
  16 vampire knights
  4 black draconians
  4 white draconians
  A minotaur (Gauntlet)
  3 green draconians (Zot:1)
  5 purple draconians
  3 deep elf annihilators
  4 red draconians
  2 bunyips
  7 spark wasps
  3 dire elephants (Lair:5)
  Snorg (D:12)
  A blizzard demon (Depths:4)
  A merfolk impaler (Depths:3)
  3 yellow draconians (Zot:1)
  4 crystal guardians
  4 mummy priests (Tomb:1)
  13 yaktaur captains
  7 ettins
  3 spectral quicksilver dragons (Crypt:3)
  Josephine (D:11)
  3 deep elf death magi
  9 eidola
  2 spectral spriggans (Crypt:3)
  A fire dragon (shapeshifter) (Vaults:5)
  9 jiangshi
  2 deep elf high priests
  5 great orbs of eyes
  6 fire dragons
  A merfolk javelineer (Depths:3)
  A spectral fenstrider witch (Crypt:3)
  3 shambling mangroves (Swamp:4)
  3 rakshasas
  6 spriggan zombies
  2 entropy weavers (Vaults:1)
  8 hydras
  36 vault guards
  Erolcha (D:11)
  5 salamander tyrants
  2 hell beasts (Depths:1)
  2 spriggan skeletons
  10 ice dragons
  14 anacondas
  8 ogre magi
  3 peacekeepers
  A juggernaut simulacrum (Abyss:2)
  5 ghost crabs
  10 ironbound frosthearts
  A catoblepas (Lair:5)
  15 centaur warriors
  9 spriggan air magi
  24 two-headed ogres
  8 alligators
  A boulder beetle (Vaults:2)
  19 death scarabs (Tomb:1)
  3 death knights
  A spectral storm dragon (Crypt:3)
  21 dancing weapons
  6 deep troll shamans
  6 tengu warriors
  10 death yaks
  2 titan zombies
  4 thrashing horrors (Abyss:2)
  5 deep troll earth magi
  20 naga warriors
  5 spriggan berserkers
  7 vampire magi
  3 spectral dire elephants
  Nergalle (Lair:2)
  Sonja (D:11)
  21 hell knights
  A spectral naga (Crypt:3)
  16 spriggans
  8 shock serpents
  3 soul eaters
  18 naga sharpshooters
  A fire crab (shapeshifter) (D:14)
  A quicksilver ooze zombie (Crypt:1)
  19 deep elf knights
  2 emperor scorpion zombies (Crypt:3)
  A sixfirhy (Depths:4)
  4 wretched stars (Abyss:2)
  Amaemon (Lair:2)
  4 glowing orange brains
  7 goliath frogs
  A spectral bunyip (Crypt:3)
  8 salamander mystics
  An iron troll (Depths:4)
  5 shadow wraiths (Crypt:3)
  22 skeletal warriors
  An anaconda zombie (Abyss:2)
  A skyshark (Lair:5)
  4 spectral anacondas
  7 spriggan druids
  2 bunyip zombies
  3 naga ritualists
  3 swamp dragons
  A death drake (shapeshifter) (Vaults:4)
  2 obsidian statues
  15 flayed ghosts
  4 deep elf archers
  A shadow dragon zombie (Crypt:2)
  49 deep trolls
  A spectral hydra (Swamp:4)
  11 lindwurms
  The ghost of Alarkh the Fighter, a novice DsAr of Uskayaw (D:7)
  A golden dragon skeleton (Depths:2)
  9 wizards
  4 bog bodies
  17 phantasmal warriors
  18 necromancers
  19 deep elf zephyrmancers
  21 deep elf pyromancers
  18 mana vipers
  A shining eye (Abyss:2)
  An iron dragon zombie (Depths:2)
  2 orc sorcerers
  2 tengu skeletons (Depths:2)
  3 oklob plants (Swamp:4)
  24 ironbound convokers
  3 orc knights (Orc:1)
  A stone giant zombie (Vaults:3)
  45 ugly things
  2 manticores
  26 salamanders
  3 fire giant zombies
  6 cyclopes
  2 spectral centaurs (Crypt:3)
  An ice statue (IceCv)
  2 will-o-the-wisps
  A guardian serpent (shapeshifter) (Vaults:5)
  An iron dragon skeleton (Depths:2)
  2 worldbinders
  33 black mambas
  11 elephants (Lair:5)
  2 moths of wrath (Zot:1)
  A moth of wrath (shapeshifter) (Vaults:5)
  22 naga magi
  2 smoke demons (Abyss:2)
  10 guardian serpents
  A titan simulacrum (Depths:2)
  2 rust devils (Depths:4)
  17 vault sentinels
  An apocalypse crab (Abyss:2)
  2 naga skeletons (Abyss:2)
  3 torpor snails
  A cane toad (shapeshifter) (Vaults:5)
  2 minotaur zombies (Gauntlet)
  2 orange demons
  17 cane toads
  A rime drake (Lair:5)
  3 unseen horrors
  A centaur skeleton (Abyss:2)
  16 yaktaurs
  3 dire elephant skeletons
  2 ice devils (IceCv)
  An anaconda simulacrum (Crypt:1)
  6 guardian mummies (Tomb:1)
  15 freezing wraiths
  A kobold demonologist (Abyss:2)
  2 efreet (Abyss:2)
  A tengu conjurer (WizLab)
  An ancient zyme (Abyss:2)
  9 komodo dragons
  A yaktaur (shapeshifter) (D:13)
  A bunyip simulacrum (Crypt:3)
  A human zombie (Vaults:1)
  2 hydra zombies (Swamp:4)
  2 polar bears
  2 death drake zombies (Swamp:4)
  2 spectral harpies (Crypt:3)
  9 tyrant leeches
  4 trolls
  A hellwing (Depths:4)
  3 hydra skeletons (Swamp:4)
  6 meliai
  14 hornets
  An iron dragon simulacrum (Crypt:1)
  19 blink frogs
  A death drake skeleton (Crypt:2)
  An alligator zombie (Crypt:2)
  An elf zombie (Vaults:3)
  4 raiju (Abyss:2)
  6 dream sheep (Lair:3)
  An air elemental (Elf:1)
  A culicivora (Vaults:1)
  A frost giant simulacrum (Depths:2)
  39 slime creatures
  A shadow (Crypt:3)
  2 ynoxinuls
  3 basilisks
  2 ettin skeletons
  22 flying skulls
  12 water elementals
  5 hogs (D:15)
  A black mamba skeleton (Crypt:2)
  4 large abominations (Abyss:2)
  A merfolk skeleton (Crypt:2)
  A vampire (D:14)
  2 wyverns
  2 ushabtiu (Tomb:1)
  An alligator skeleton (Crypt:3)
  3 dire elephant simulacra
  A hog (shapeshifter) (Depths:3)
  9 humans (D:13)
  A neqoxec (Abyss:2)
  51 yaks
  2 fire elementals (Elf:2)
  A golden eye (shapeshifter) (Vaults:5)
  10 wraiths
  A basilisk (shapeshifter) (D:15)
  A tyrant leech zombie (Crypt:1)
  An alligator snapping turtle simulacrum (Crypt:3)
  4 chaos spawn (Abyss:2)
  2 steam dragons
  2 redbacks (Vaults:1)
  2 elf skeletons (Vaults:1)
  4 death yak simulacra
  14 vampire mosquitoes
  44 nagas
  2 harpy simulacra (IceCv)
  A naga zombie (Crypt:1)
  2 glowing shapeshifter zombies
  A faun zombie (Crypt:1)
  6 hydra simulacra
  A spectral cane toad (Lair:5)
  2 wargs
  An acid dragon (D:9)
  19 water moccasins
  11 swamp worms
  A floating eye (shapeshifter) (Abyss:2)
  3 glowing shapeshifter skeletons
  Duvessa (D:7)
  3 hell hounds (Abyss:2)
  A floating eye (Depths:1)
  6 swamp drakes (Swamp:4)
  2 elephant zombies (Lair:5)
  A human skeleton (Depths:2)
  31 orc warriors
  4 ice beasts
  30 ogres
  A black bear (shapeshifter) (D:15)
  3 sky beasts (D:8)
  3 swamp dragon zombies
  2 black bears
  16 wolves
  17 centaurs
  5 boggarts
  An elephant skeleton (Lair:5)
  2 phantoms (D:5)
  A blink frog skeleton (Crypt:1)
  4 kobold brigands
  2 swamp dragon skeletons (Swamp:4)
  13 bullfrogs
  2 yaktaur zombies
  An earth elemental (Elf:2)
  4 cane toad simulacra
  A scorpion (D:4)
  2 two-headed ogre simulacra (IceCv)
  A necrophage (Crypt:2)
  7 small abominations (Abyss:2)
  Dowan (D:7)
  4 troll zombies (Swamp:3)
  24 wights
  A cyclops skeleton (Crypt:2)
  2 elephant simulacra
  A polar bear zombie (Crypt:2)
  A troll skeleton (Swamp:3)
  A vampire bat (Orc:2)
  2 electric eels (D:10)
  3 lava snakes (Lair:3)
  2 quasits (Abyss:2)
  2 wyvern simulacra (D:7)
  5 hounds
  7 jellies
  18 orc priests
  2 gnoll boudas
  6 iguanas
  A sleepcap (D:7)
  23 orc wizards
  A black bear skeleton (Crypt:3)
  2 hell rats (Lair:5)
  6 troll simulacra (IceCv)
  A polar bear simulacrum (IceCv)
  9 spriggan simulacra
  A wolf simulacrum (IceCv)
  An acid dragon zombie (Crypt:3)
  A bullfrog simulacrum (D:7)
  A centaur simulacrum (D:7)
  A hound zombie (Crypt:1)
  A killer bee simulacrum (D:7)
  28 mummies
  13 gnolls
  5 naga simulacra
  7 river rats (Lair:5)
  11 adders
  5 shadow imps
  10 white imps
  9 ufetubi (IceCv)
  A lava snake zombie (Crypt:1)
  5 worms
  A dart slug (D:1)
  93 orcs
  5 ball pythons
  5 endoplasms
  4 giant cockroaches
  7 goblins
  8 hobgoblins
  6 jackals (D:2)
  22 kobolds
  5 quokkas
  13 bats
  A dart slug zombie (Crypt:2)
  6 frilled lizards
  A gnoll skeleton (Ossuary)
  3 goblin skeletons (Ossuary)
  2 kobold skeletons (Ossuary)
  2 orc skeletons (Ossuary)
  8 rats
  11 rat skeletons (Ossuary)
  3 spectral weapons (Snake:3)
2358 creatures vanquished.

Vanquished Creatures (collateral kills)
  An ironbound preserver (Vaults:2)
  2 very ugly things
  An ice dragon (Depths:1)
  A yaktaur captain (Vaults:4)
  A hydra (Lair:5)
  2 vault guards (Vaults:5)
  A deep troll shaman (Depths:4)
  A tengu warrior (Depths:2)
  2 hell knights
  3 deep trolls
  A deep elf pyromancer (Elf:1)
  A necromancer (Depths:2)
  An orc sorcerer (Snake:3)
  3 ugly things (Depths:1)
  A tengu conjurer (Depths:1)
  2 hornets (Depths:1)
  3 blink frogs (Lair:5)
  2 yaks
  A spriggan (Depths:1)
  An orc warrior (Snake:3)
31 creatures vanquished.

Vanquished Creatures (others)
  A fire giant (Depths:1)
  A frost giant (Depths:1)
  3 draconian monks (Zot:1)
  A very ugly thing (Depths:1)
  A draconian annihilator (Zot:1)
  An ironbound preserver (Vaults:4)
  A black draconian (Zot:1)
  An ettin (Vaults:5)
  A hydra (Lair:5)
  2 vault guards (Vaults:5)
  A deep troll shaman (Depths:2)
  A vampire mage (Crypt:3)
  A deep troll earth mage (Depths:2)
  A tengu warrior (Depths:1)
  A hell knight (Depths:4)
  A titan skeleton (Depths:2)
  A deep troll (Depths:4)
  An ironbound convoker (Vaults:2)
  A frost giant zombie (Depths:2)
  A deep elf zephyrmancer (Elf:1)
  A yaktaur (Vaults:3)
  A bloated husk (Swamp:2)
  A troll (Snake:3)
  A spriggan skeleton (Depths:2)
  3 yaks
  A water elemental (Elf:1)
  A chaos spawn (Depths:4)
  2 jellies (Zot:1)
  An iron imp (Abyss:2)
  A gnoll (D:8)
  An orc (Orc:1)
  6 foxfires
  2 starspawn tentacles (Abyss:2)
45 creatures vanquished.

Grand Total: 2434 creatures vanquished

Notes
Turn   | Place    | Note
-------+----------+-------------------------------------------
     0 | D:1      | suse60 the Minotaur Gladiator began the quest for the Orb.
     0 | D:1      | Reached XP level 1. HP: 18/18 MP: 0/0
   245 | D:1      | Reached XP level 2. HP: 24/25 MP: 1/1
   359 | D:1      | Found a faded altar of an unknown god.
   407 | D:1      | You fall into a shaft and drop 1 floor!
   563 | D:1      | Reached skill level 3 in Fighting
   635 | D:1      | Reached XP level 3. HP: 31/31 MP: 2/2
   957 | D:1      | Reached XP level 4. HP: 35/38 MP: 3/3
  1373 | D:2      | Found an ornate altar of the Wu Jian Council.
  1743 | D:3      | Reached skill level 4 in Fighting
  1743 | D:3      | Reached XP level 5. HP: 46/46 MP: 4/4
  1751 | D:3      | Reached skill level 5 in Axes
  1792 | D:3      | Found a broken altar of Ashenzari.
  1826 | D:3      | Became a worshipper of Ashenzari the Shackled
  1828 | D:3      | Identified the +0 robe "Edowokh" {-Tele +Inv rPois Dex+6}
  2564 | D:4      | Found Jugul's Magic Scroll Shop.
  2572 | D:4      | Bought a scroll of enchant weapon for 97 gold pieces
  2572 | D:4      | Bought a scroll of identify for 26 gold pieces
  2628 | D:4      | Reached skill level 5 in Dodging
  2670 | D:4      | Found a radiant altar of Vehumet.
  2760 | D:4      | Noticed a black bear
  2770 | D:4      | Killed a black bear
  2771 | D:4      | Reached XP level 6. HP: 56/56 MP: 5/5
  2786 | D:4      | Found Camezo Wanaz's Antique Weapon Boutique.
  2814 | D:4      | Reached skill level 5 in Fighting
  2854 | D:4      | Found Joboalow's Assorted Antiques.
  3164 | D:5      | Entered Level 5 of the Dungeon
  3557 | D:5      | Reached XP level 7. HP: 58/62 MP: 6/6
  4209 | D:5      | Reached skill level 6 in Fighting
  4490 | D:6      | Found a sand-covered staircase.
  4500 | Ossuary  | Entered an ossuary
  4917 | D:6      | Reached XP level 8. HP: 73/73 MP: 7/7
  4987 | D:6      | Reached skill level 7 in Fighting
  5444 | D:6      | Found an ornate altar of the Wu Jian Council.
  5507 | D:6      | Found an iron altar of Okawaru.
  5675 | D:6      | Found an opulent altar of Gozag.
  5883 | D:7      | Found a basalt altar of Yredelemnul.
  5984 | D:6      | HP: 2/68 [wight/+0 battleaxe (4)]
  5986 | D:6      | Reached skill level 8 in Fighting
  6456 | D:6      | Reached XP level 9. HP: 43/82 MP: 8/8
  6718 | D:7      | Reached skill level 5 in Throwing
  6761 | D:7      | Noticed Dowan
  6761 | D:7      | Noticed Duvessa
  6772 | D:7      | Killed Dowan
  6909 | D:7      | Found a staircase to the Ecumenical Temple.
  6923 | D:7      | Reached skill level 9 in Fighting
  7288 | D:7      | Found a runed translucent gate.
  7288 | D:7      | Found a runed translucent gate.
  7288 | D:7      | Found a runed translucent gate.
  7417 | D:7      | Noticed Alarkh's ghost (novice DsAr)
  7488 | D:7      | Killed Duvessa
  7882 | D:7      | Reached skill level 10 in Axes
  7897 | D:7      | Killed Alarkh's ghost
  7898 | D:7      | Reached skill level 10 in Fighting
  8284 | Temple   | Entered the Ecumenical Temple
  8343 | D:8      | Reached XP level 10. HP: 86/94 MP: 9/9
  8591 | D:8      | Reached * piety under Ashenzari
  8591 | D:8      | Identified a scroll of acquirement
  8595 | D:8      | Acquired 511 gold pieces
  8825 | D:8      | Found Ozast's Lightly-Used Armoury.
  9041 | D:8      | Found a stormy altar of Qazlal.
  9316 | D:4      | Bought a scroll of fear for 68 gold pieces
  9316 | D:4      | Bought a scroll of enchant weapon for 127 gold pieces
  9316 | D:4      | Bought a scroll of blinking for 127 gold pieces
  9397 | D:4      | Bought a scroll of summoning for 123 gold pieces
  9397 | D:4      | Bought a scroll of teleportation for 39 gold pieces
  9397 | D:4      | Bought a scroll of enchant weapon for 97 gold pieces
  9397 | D:4      | Bought a scroll of teleportation for 39 gold pieces
  9397 | D:4      | Bought a scroll of teleportation for 39 gold pieces
  9966 | D:9      | Reached skill level 11 in Fighting
 10001 | D:9      | Found Pesig's Antique Weapon Shoppe.
 10371 | D:10     | Entered Level 10 of the Dungeon
 10371 | D:10     | Noticed a two-headed ogre
 10371 | D:10     | Identified the +0 leather armour of an ossuary {rF- rC+++
                  | Regen+ Dex-5}
 10427 | D:10     | Reached skill level 1 in Evocations
 10585 | D:10     | Found a transporter.
 10588 | D:10     | Noticed a cyclops
 10589 | D:10     | Found a transporter.
 10598 | D:10     | Noticed a stone giant
 10601 | D:10     | Found a sacrificial altar of Ru.
 10602 | D:10     | Found a glowing silver altar of Zin.
 10746 | D:10     | Killed a two-headed ogre
 11035 | D:9      | Reached XP level 11. HP: 56/105 MP: 10/10
 11042 | D:9      | Reached skill level 12 in Fighting
 11429 | D:10     | Reached skill level 10 in Dodging
 12159 | D:10     | Found a staircase to the Orcish Mines.
 12355 | D:11     | Found a frozen archway.
 12364 | IceCv    | Entered an ice cave
 12701 | IceCv    | Reached ** piety under Ashenzari
 12796 | IceCv    | Reached skill level 1 in Armour
 13357 | IceCv    | Noticed a reaper
 13365 | IceCv    | Reached skill level 13 in Fighting
 13369 | IceCv    | Killed a reaper
 13612 | IceCv    | Identified the +0 plate armour of Untruth {SInv}
 14248 | D:11     | Noticed Erolcha
 14252 | D:11     | Killed Erolcha
 14253 | D:11     | Reached skill level 5 in Armour
 14276 | D:11     | Reached XP level 12. HP: 118/118 MP: 11/11
 14400 | D:11     | Noticed Josephine
 14416 | D:11     | Killed Josephine
 14637 | D:11     | Found a staircase to the Lair.
 14749 | D:11     | Noticed Sonja
 14752 | D:11     | Killed Sonja
 14753 | D:11     | Reached skill level 14 in Fighting
 14908 | D:11     | Noticed a two-headed ogre
 14914 | D:11     | Killed a two-headed ogre
 15074 | Lair:1   | Entered Level 1 of the Lair of Beasts
 16668 | Lair:2   | Reached skill level 15 in Fighting
 16668 | Lair:2   | Noticed Nergalle
 16688 | Lair:2   | Killed Nergalle
 16706 | Lair:2   | Noticed Amaemon
 16734 | Lair:2   | Killed Amaemon
 17529 | Lair:3   | Found a sparkling altar of Nemelex Xobeh.
 17577 | Lair:3   | Reached XP level 13. HP: 130/130 MP: 12/12
 17853 | Lair:3   | Reached *** piety under Ashenzari
 18098 | Lair:3   | Found a staircase to the Swamp.
 18532 | Lair:3   | Found a staircase to the Snake Pit.
 18541 | Lair:3   | Reached skill level 15 in Axes
 18541 | Lair:3   | Reached skill level 10 in Armour
 18800 | Lair:4   | Found a runed translucent door.
 18801 | Lair:4   | Found a viscous altar of Jiyva.
 18801 | Lair:4   | Noticed an acid blob
 18803 | Lair:4   | Found a staircase to the Slime Pits.
 18803 | Lair:4   | Noticed an acid blob
 19156 | Lair:4   | Reached skill level 16 in Fighting
 19568 | Lair:5   | Entered Level 5 of the Lair of Beasts
 19788 | Lair:5   | Found a gate leading to a gauntlet.
 19797 | Gauntlet | Entered a Gauntlet
 19797 | Gauntlet | Found a transporter.
 19797 | Gauntlet | Found a transporter.
 19797 | Gauntlet | Found a transporter.
 19860 | Gauntlet | Found a transporter.
 19861 | Gauntlet | Found a transporter.
 19864 | Gauntlet | Found a transporter.
 19870 | Gauntlet | Found a transporter.
 19872 | Gauntlet | Found a transporter.
 19873 | Gauntlet | Found a transporter.
 19875 | Gauntlet | Found a transporter.
 19883 | Gauntlet | Found a transporter.
 19887 | Gauntlet | Found a transporter.
 19973 | Gauntlet | Identified the ring of the Nine Wonders {Ice rN+ Will++
                  | Int-3 Dex+2}
 20133 | Gauntlet | Reached XP level 14. HP: 119/146 MP: 13/13
 20223 | Gauntlet | Reached skill level 17 in Fighting
 20683 | D:10     | Killed a stone giant
 20800 | Orc:1    | Entered Level 1 of the Orcish Mines
 21038 | Orc:2    | Entered Level 2 of the Orcish Mines
 21131 | Orc:2    | Identified the +0 kite shield of Orthodoxy {rElec Int+4}
 21131 | Orc:2    | Noticed Donald
 21527 | Orc:2    | Found Suxekkiffe's Book Boutique.
 21649 | Orc:2    | Found a staircase to the Elven Halls.
 21810 | Orc:1    | Killed Donald
 21877 | Orc:2    | Reached skill level 18 in Fighting
 22237 | Orc:2    | Found Adezoche's Magic Scroll Emporium.
 22237 | Orc:2    | Found Saug's Distillery.
 22266 | Orc:2    | Found Haont's Book Shoppe.
 22266 | Orc:2    | Found Muzixorgh's Weapon Shop.
 22357 | Orc:1    | Paralysed by an orc sorcerer for 2 turns
 22670 | Orc:2    | Bought a scroll of brand weapon for 123 gold pieces
 22670 | Orc:2    | Bought a scroll of enchant armour for 97 gold pieces
 22670 | Orc:2    | Bought a scroll of summoning for 123 gold pieces
 22670 | Orc:2    | Bought a scroll of blinking for 97 gold pieces
 22673 | Orc:2    | Bought a potion of haste for 140 gold pieces
 22673 | Orc:2    | Bought a potion of curing for 42 gold pieces
 22673 | Orc:2    | Bought a potion of heal wounds for 70 gold pieces
 22673 | Orc:2    | Bought a potion of heal wounds for 70 gold pieces
 22673 | Orc:2    | Bought a potion of mutation for 112 gold pieces
 23150 | Lair:5   | Reached XP level 15. HP: 156/156 MP: 14/14
 23690 | Lair:5   | Identified the +5 short sword of Premature Burial {drain,
                  | Fly rF+}
 24619 | D:12     | Reached **** piety under Ashenzari
 24631 | D:12     | Noticed Snorg
 24642 | D:12     | Killed Snorg
 24643 | D:12     | Reached skill level 19 in Fighting
 25342 | D:13     | Reached skill level 15 in Armour
 25479 | D:13     | Found a gate to the Vaults.
 26383 | D:14     | Found a glowing golden altar of the Shining One.
 26659 | D:15     | Entered Level 15 of the Dungeon
 26969 | D:15     | Noticed Kirke
 26991 | D:15     | Killed Kirke
 26991 | D:15     | Identified the cursed +2 cloak of Cremastomancy {Melee,
                  | Range} (You found it on level 9 of the Dungeon)
 26991 | D:15     | Identified the cursed +0 hat of the Shattered Malaise
                  | {Elem, Self}
 26991 | D:15     | Identified the cursed +1 pair of gloves "Prophetic Regret"
                  | {Self, Cun} (You found it on level 4 of the Lair of Beasts)
 26991 | D:15     | Identified the cursed +1 kite shield of Curses and Power
                  | {rC+, Alch, Self} (You found it in an ice cave)
 26991 | D:15     | Identified the cursed ring of the Elysian Skepticism
                  | {Str+6, Evo, Fort} (You found it on level 1 of the Dungeon)
 27167 | D:15     | Reached XP level 16. HP: 171/171 MP: 15/15
 27168 | D:15     | Found a staircase to the Depths.
 27331 | D:15     | Found Riberhate's Magic Scroll Emporium.
 27345 | D:15     | Bought a scroll of teleportation for 57 gold pieces
 27345 | D:15     | Bought a scroll of enchant armour for 142 gold pieces
 27345 | D:15     | Bought a scroll of blinking for 142 gold pieces
 27345 | D:15     | Bought a scroll of blinking for 142 gold pieces
 27597 | D:15     | Found Joasalen's Weapon Boutique.
 27806 | Depths:1 | Entered Level 1 of the Depths
 27885 | Depths:1 | Reached skill level 1 in Shields
 28097 | Depths:1 | Reached skill level 20 in Fighting
 28182 | Depths:1 | Noticed a walking frostbound tome
 28245 | Depths:1 | Noticed a titan
 28426 | Depths:1 | Noticed a shadow dragon
 28975 | Elf:1    | Entered Level 1 of the Elven Halls
 28979 | Elf:1    | Paralysed by an air elemental for 1 turns
 28985 | Elf:1    | Paralysed by an air elemental for 1 turns
 29383 | Elf:1    | Reached skill level 5 in Shields
 29631 | Elf:1    | Found Ujyecor's Distillery.
 30082 | Elf:1    | Upgraded the game from 0.30-b1-2-g02819fbbbe to 0.30.2
 30110 | Elf:1    | Bought a potion of heal wounds for 90 gold pieces
 30110 | Elf:1    | Bought a potion of mutation for 144 gold pieces
 30110 | Elf:1    | Bought a potion of curing for 54 gold pieces
 30359 | Elf:2    | Noticed a Brimstone Fiend
 30369 | Abyss:2  | Cast into level 2 of the Abyss (a deep elf demonologist)
 30437 | Abyss:2  | Found a corrupted altar of Lugonu.
 30541 | Abyss:2  | Found a corrupted altar of Lugonu.
 30796 | Abyss:2  | Found a corrupted altar of Lugonu.
 30807 | Abyss:2  | Noticed an Executioner
 30815 | Abyss:2  | Killed an Executioner
 30816 | Abyss:2  | Reached XP level 17. HP: 133/181 MP: 16/16
 31218 | Abyss:2  | Reached skill level 10 in Shields
 31276 | Abyss:2  | Gained mutation: You sometimes lose your temper in combat.
                  | [a shining eye]
 31324 | Elf:2    | Escaped the Abyss
 31355 | Elf:2    | Reached skill level 21 in Fighting
 31657 | Elf:2    | Found a runed translucent gate.
 31658 | Elf:2    | Found a runed translucent gate.
 31658 | Elf:2    | Found a runed translucent gate.
 31864 | Elf:2    | Reached skill level 5 in Evocations
 31961 | Elf:2    | Noticed a deep elf blademaster
 32021 | Elf:2    | Killed a deep elf blademaster
 32527 | Elf:3    | Entered Level 3 of the Elven Halls
 32964 | Lair:4   | Killed an acid blob
 32969 | Lair:4   | Killed an acid blob
 33130 | Swamp:1  | Entered Level 1 of the Swamp
 34173 | Swamp:2  | Noticed a tentacled monstrosity
 34271 | Swamp:2  | Killed a tentacled monstrosity
 34272 | Swamp:2  | Reached XP level 18. HP: 131/192 MP: 17/17
 34699 | Swamp:3  | Noticed Nikola
 34727 | Swamp:3  | Killed Nikola
 35387 | Swamp:4  | Entered Level 4 of the Swamp
 35534 | Swamp:4  | Reached skill level 22 in Fighting
 36149 | Swamp:4  | Paralysed by a vampire knight for 3 turns
 36159 | Swamp:4  | HP: 9/193 [vampire knight/vampiric draining (19)]
 37412 | Swamp:4  | Found a blossoming altar of Fedhas.
 37454 | Swamp:4  | Found a basalt altar of Yredelemnul.
 37548 | Swamp:4  | Got a decaying rune of Zot
 37729 | Snake:1  | Entered Level 1 of the Snake Pit
 37734 | Snake:1  | Noticed Aizul
 37758 | Snake:1  | Killed Aizul
 38197 | Snake:1  | Noticed Mlioglotl
 38216 | Snake:1  | Noticed a lich
 38234 | Snake:1  | Killed Mlioglotl
 38932 | Snake:2  | Found a sparkling altar of Nemelex Xobeh.
 39139 | Snake:2  | Identified Roxanne's Folio of Configuration
 39139 | Snake:2  | Noticed Roxanne
 39166 | Snake:2  | Killed Roxanne
 39514 | Snake:3  | Found a transporter.
 39516 | Snake:3  | Noticed Eheodege's ghost (adept DECj)
 39518 | Snake:3  | Found a transporter.
 39519 | Snake:3  | Identified the Spellbook of Battle Magic and the Xenotype
 39787 | Snake:3  | Reached XP level 19. HP: 201/201 MP: 18/18
 40038 | Snake:3  | Found Comeshe's General Store.
 40059 | Snake:3  | Bought a scroll of enchant armour for 150 gold pieces
 40059 | Snake:3  | Bought a scroll of summoning for 190 gold pieces
 40059 | Snake:3  | Bought a scroll of enchant weapon for 150 gold pieces
 40059 | Snake:3  | Bought a scroll of enchant armour for 150 gold pieces
 40059 | Snake:3  | Bought a potion of curing for 60 gold pieces
 40253 | Snake:3  | Noticed Asterion
 40265 | Snake:3  | Killed Asterion
 40595 | Snake:3  | Noticed Saint Roka
 40806 | Snake:3  | Killed Saint Roka
 41167 | Snake:3  | Reached skill level 23 in Fighting
 41192 | Snake:3  | Found a runed translucent door.
 41422 | Snake:3  | Killed Eheodege's ghost
 41492 | Snake:4  | Entered Level 4 of the Snake Pit
 43227 | Snake:4  | Got a serpentine rune of Zot
 43660 | Vaults:1 | Entered Level 1 of the Vaults
 43671 | Vaults:1 | Reached XP level 20. HP: 212/212 MP: 19/19
 44367 | Vaults:1 | Found a large runed translucent door.
 44367 | Vaults:1 | Found a large runed translucent door.
 44367 | Vaults:1 | Noticed Vorhees's ghost (adept DsFi)
 44367 | Vaults:1 | Noticed nullcheck's ghost (adept AtFi)
 45252 | Vaults:1 | Killed nullcheck's ghost
 45468 | Vaults:2 | Reached skill level 24 in Fighting
 46092 | Vaults:2 | Reached skill level 15 in Dodging
 46097 | Vaults:2 | Found Loatt's General Store.
 46097 | Vaults:2 | Found Hicsoeleu's Weapon Emporium.
 46101 | Vaults:2 | Bought a scroll of enchant armour for 150 gold pieces
 46101 | Vaults:2 | Bought a scroll of teleportation for 60 gold pieces
 46124 | Vaults:2 | Found Guifak's Assorted Antiques.
 47159 | Vaults:3 | Reached XP level 21. HP: 205/221 MP: 20/20
 47225 | Vaults:3 | Found a staircase to the Crypt.
 47517 | Vaults:4 | Paralysed by a great orb of eyes for 5 turns
 47519 | Vaults:4 | Noticed Margery
 47540 | Vaults:4 | Killed Margery
 48110 | Vaults:4 | Reached skill level 25 in Fighting
 48110 | Vaults:4 | Reached skill level 10 in Evocations
 48875 | Vaults:5 | Entered Level 5 of the Vaults
 48878 | Vaults:5 | Noticed a golden dragon
 48926 | Vaults:5 | Killed a golden dragon
 48928 | Vaults:5 | Noticed an ancient lich
 48934 | Vaults:5 | Identified the ring of Kebeneh {Wiz Will- Int+5 Dex+3 SInv}
 48946 | Vaults:4 | Killed an ancient lich
 49123 | Vaults:5 | Paralysed by a floating eye for 4 turns
 49214 | Vaults:5 | Reached XP level 22. HP: 204/232 MP: 21/21
 49245 | Vaults:5 | Paralysed by a floating eye for 2 turns
 49504 | Vaults:5 | Identified the Guidebook on Voltage and Imprecation
 49644 | Vaults:5 | Identified the +2 robe of Paeneyfo {rPois rN++ Str+4}
 49714 | Vaults:5 | Got a silver rune of Zot
 49864 | Vaults:5 | Identified the +9 mace "Qalufuq" {heavy, rC+ Str+2 Int+2
                  | Dex+5}
 49964 | Vaults:5 | Identified the +7 battleaxe of Fygheph {antimagic, rElec
                  | rPois}
 50126 | Vaults:5 | Identified the Secrets of Coordinates
 50161 | Vaults:5 | Identified the staff of death "Kicum" {rC+ rN+ Int+3}
 50308 | Vaults:5 | Identified the Quarto of Frostbitten Transmogrification
 50661 | Crypt:1  | Entered Level 1 of the Crypt
 50733 | Crypt:1  | Found a magical portal.
 50742 | WizLab   | Entered Yara's Duelist Academy
 51029 | WizLab   | Noticed Boxt
 51046 | WizLab   | Killed Boxt the Head Instructor
 51047 | WizLab   | Reached skill level 26 in Fighting
 51075 | WizLab   | Identified Yara's Directory of Doom
 52121 | Crypt:1  | Reached skill level 15 in Shields
 52478 | Crypt:2  | Paralysed by a vampire knight for 4 turns
 53112 | Crypt:3  | Entered Level 3 of the Crypt
 53830 | Crypt:3  | Found a staircase to the Tomb.
 53882 | Crypt:3  | Reached XP level 23. HP: 236/236 MP: 7/22
 54877 | Crypt:3  | Identified the ring of Recklessness {rF+ AC+4}
 55286 | Crypt:3  | Identified the +4 ring mail of the Pirate {Int+3}
 55414 | Tomb:1   | Entered Level 1 of the Tomb of the Ancients
 55580 | Tomb:1   | Paralysed by a sphinx for 3 turns
 56071 | Tomb:1   | Noticed a royal mummy
 56075 | Tomb:1   | Noticed a royal mummy
 56078 | Tomb:1   | Killed a royal mummy
 56399 | Tomb:1   | Killed a royal mummy
 57321 | Tomb:1   | Noticed a royal mummy
 58017 | Slime:1  | Entered Level 1 of the Pits of Slime
 58042 | Slime:1  | HP: 11/233 [acid blob (17)]
 58042 | Slime:1  | HP: 5/233 [acid (6)]
 58759 | Depths:1 | Found a one-way gate to the infinite horrors of the Abyss.
 58915 | Depths:1 | Paralysed by a floating eye for 2 turns
 58951 | Depths:1 | Reached XP level 24. HP: 210/247 MP: 22/22
 59024 | Depths:1 | Acquired the amulet of Putudor {RegenMP rF+ rCorr Dex+3
                  | Stlth+}
 59176 | Depths:1 | Found a gateway to Hell.
 59283 | Depths:1 | Found the +0 mask of the Dragon {Will+ Slay+3 SInv}
 59765 | Depths:2 | Found a one-way gate leading to the halls of Pandemonium.
 60002 | Depths:2 | Reached skill level 27 in Fighting
 60304 | Depths:2 | Identified the +3 robe of Untruth {Rampage rElec rC-}
 62066 | Depths:3 | Identified the amulet of a Million Nightmares {Reflect rF++
                  | Str-3 Slay+2 SH+5}
 62102 | Depths:3 | Identified the staff of air "Araitino" {rElec Int+3}
 62103 | Depths:3 | Found a one-way gateway to a ziggurat.
 62127 | Depths:3 | Noticed a juggernaut
 62177 | Depths:3 | Killed a juggernaut
 62271 | Depths:3 | Identified the +3 broad axe of Agony {freeze, rPois rC+
                  | Will++ Str-5}
 62526 | Depths:3 | Reached XP level 25. HP: 223/257 MP: 22/22
 63017 | Depths:4 | Entered Level 4 of the Depths
 63126 | Depths:4 | Found a gate to the Realm of Zot.
 63784 | Depths:4 | Found a runed translucent gate.
 63784 | Depths:4 | Found a runed translucent gate.
 63784 | Depths:4 | Found an opulent altar of Gozag.
 63784 | Depths:4 | Found a runed translucent gate.
 63785 | Depths:4 | Found Beck's Assorted Antiques.
 63785 | Depths:4 | Noticed Dig Dirch's ghost (veteran DsEE)
 63958 | Depths:4 | Killed Dig Dirch's ghost
 63983 | Depths:4 | Bought a scroll of summoning for 209 gold pieces
 63983 | Depths:4 | Bought a viscous dark potion for 19 gold pieces
 64689 | Zot:1    | Entered Level 1 of the Realm of Zot
 65727 | Zot:1    | Noticed an orb of fire
 65742 | Zot:1    | Gained mutation: You have hidden genetic defects. [an orb
                  | of fire]
 66058 | Zot:1    | Acquired a manual of Evocations
 66060 | Zot:1    | Acquired a manual of Evocations
 66064 | Zot:1    | Gained mutation: You have an uncontrollable temper. [an orb
                  | of fire]
 66064 | Zot:1    | Gained mutation: You occasionally lose the ability to drink
                  | potions when taking damage. [an orb of fire]
 66067 | Zot:1    | HP: 8/257 [orb of fire/fireball (49)]
 66068 | Zot:1    | Killed from afar by an orb of fire

Illustrated notes

Levels and vault maps discovered:
D:1:      saegor_arrival_simple_d, layout_loops_cross,
          hellmonk_ecumenical_altar_zigzags
D:2:      layout_basic, basic_altar, minivault_26
D:3:      layout_basic, old_standard_altar
D:4:      layout_basic, lemuel_doored_altar, serial_rivers,
          chequers_serial_rivers_micro_a, chequers_serial_rivers_small_b,
          chequers_serial_rivers_large_a, chequers_serial_rivers_marsh,
          chequers_serial_rivers_small_a, serial_shops,
          nicolae_shop_behind_doors, shop, shop
D:5:      layout_basic, hangedman_minor_gate_pass
D:6:      layout_loops_ring, lemuel_coloured_pillars_altar,
          mainiacjoe_overflow_alcove_1, nzn_wu_jian_contemplation,
          nicolae_ossuary_entry_ruins
D:7:      layout_loops_ring, amcnicky_altar_gilded, minmay_temple_entry_tees,
          gammafunk_ghost_icy, dk_rats_in_the_wall, uniq_duvessa
D:8:      layout_loops_ring, nicolae_qazlal_eye_of_the_storm,
          minmay_shop_damaged
D:9:      layout_small_grid, nicolae_take_the_stairs
D:10:     layout_rooms, gammafunk_temple_overflow_arena, erik_orc_2
D:11:     layout_loops_cross, lair_entry_dummy, portal_ice_cave_entry_pillars_1,
          uniq_josephine, uniq_sonja, uniq_erolcha
D:12:     layout_basic, uniq_snorg
D:13:     layout_long_grid, ximxim_vaults_locker_room
D:14:     layout_long_grid, minmay_misc_feat_cross, nicolae_tso_carved_into_rock
D:15:     grunt_enter_depths_snipers, layout_basic, serial_rivers,
          chequers_serial_rivers_small_a, chequers_serial_rivers_room_b,
          chequers_serial_rivers_room_b, chequers_serial_rivers_small_3,
          serial_shops, nicolae_shop_waterfront, shop, dreamdust_wishing_well,
          uniq_kirke
Temple:   dshaligram_water_room_temple
Lair:1:   layout_cave_pods, cheibrodos_lair_reptile_den
Lair:2:   layout_loops_ring, grunt_megastairs_1, uniq_nergalle, uniq_amaemon
Lair:3:   layout_cave_pods, swamp_mist, nicolae_snake_entry_warm_welcome,
          basic_altar
Lair:4:   layout_roguey, slime_entry_2, lemuel_another_geyser,
          serial_bayou_shore_a, infiniplex_staircase_pool_2
Lair:5:   due_jungle_book, layout_gridlike, gauntlet_entry_generic,
          chequers_serial_rivers_micro_e, minmay_stone_trees_small,
          chequers_serial_rivers_small_a, kennysheep_rathole
Swamp:1:  layout_basic_swamp, evilmike_swamp_ruin_house_3, swamp_pool3,
          nicolae_swamp_catching_bugs
Swamp:2:  layout_falls_marsh, serial_swamp_ruin, evilmike_swamp_ruin_house_2,
          evilmike_swamp_ruin_rubble_1, hangedman_swamp_ruin_wall
Swamp:3:  layout_basic_swamp, evilmike_swamp_ruin_house_6, swamp_pool1,
          cheibrodos_swamp_minitomb, uniq_nikola
Swamp:4:  byrel_swamp_growth_death_and_undeath, layout_basic_swamp
Snake:1:  layout_misc_corridors, statue_in_the_mist_lemuel,
          serial_bayou_shore_b, uniq_aizul, uniq_mlioglotl
Snake:2:  layout_misc_corridors, basic_altar, uniq_roxanne
Snake:3:  layout_grid_maze, gammafunk_ghost_arena, serial_shops,
          nicolae_shop_tiny_waterfront, lightli_airlock, uniq_saint_roka,
          uniq_asterion
Snake:4:  snake_pit_salamanders_mu, layout_gridlike
Slime:1:  layout_caves
Orc:1:    layout_diamond_mine
Orc:2:    st_orc_ogre_mass, layout_caves, basic_altar, serial_shops,
          nicolae_shop_just_a_little_nook, roderic_batcave, uniq_donald
Elf:1:    elf_arrival_002, layout_loops_cross, serial_shops, shop,
          hangedman_elf_disciples
Elf:2:    nicolae_elf_blades_crystal_corner, layout_loops_cross,
          lemuel_elevator, lemuel_upstairs_altar
Elf:3:    grunt_elf_hall_branching, layout_geoelf_octagon
Vaults:1: advil_vaults_ghost_guards, vaults_mumra_chevron, v_alt_pattern_6,
          nicolae_vaults_trapezoid_3, hangedman_vaults_snaps, v_misc_30,
          vaults_dpeg_encased_lava, nicolae_vaults_trapezoid_3,
          nicolae_vaults_tetromino_L_1, nicolae_vaults_house_3,
          nicolae_vaults_heart-shaped_vault, nicolae_vaults_tetromino_T_1,
          layout_vaults_quadrants
Vaults:2: hangedman_vaults_hard_town_square, nicolae_vaults_apartment_2,
          v_misc_12, nicolae_vaults_lightning_bolt, hangedman_vaults_pinch,
          nicolae_vaults_doubleplus_tesselated, ontoclasm_vaults_pinch,
          nicolae_vaults_what_the_h, vaults_room_pool,
          nicolae_vaults_trapezoid_lopsided_1, layout_vaults_omnicross
Vaults:3: nicolae_vaults_mitosis, nicolae_vaults_wrenched,
          nicolae_vaults_house_1, nicolae_vaults_variable_pillar_hall_cross,
          vaults_room_door_hall, minmay_crypt_entry_nasty_monster,
          v_alt_pattern_6, hangedman_vaults_capsules,
          nicolae_vaults_specimen_jars, vaults_room_fancy_cross,
          nicolae_vaults_yaktaur_gun_rack, ontoclasm_vaults_ring_square,
          vaults_room_octagon, vaults_dpeg_hooks, nicolae_vaults_trapezoid_4,
          layout_vaults_maze_bifur
Vaults:4: hangedman_vaults_river_flow, ontoclasm_vaults_ring_large, v_rooms_6,
          nicolae_vaults_whirlpool_walls, nicolae_vaults_door_testing_chamber,
          vaults_standard_mumra_lines, nicolae_vaults_storage_closets_1,
          layout_vaults_chaotic_city, uniq_margery
Vaults:5
Crypt:1:  layout_catacombs, mu_enter_wizlab_5, grunt_crypt_arrival_split,
          roderic_lattice_octagonal_star
Crypt:2:  layout_rooms, minmay_misc_feat_alley, hex_large
Crypt:3:  due_elkab, layout_chaotic_city, nicolae_tomb_entry_rubble_hallway
Tomb:1
Depths:1: minmay_cut_squares, layout_gridville, grunt_decor_one_mirror,
          hangedman_abyss_entry_splay, grunt_mini_vestibule,
          nrook_pool_corridor, kennysheep_just_a_vault
Depths:2: hangedman_screamer, layout_long_grid, rand_demon_pan_entry_7,
          ebering_dispersal_statue_hall, pf_hell_entry_tar_river
Depths:3: box_level_dp, pan_entry, abyss_entry, hell_entry
Depths:4: grunt_x_marks_the_spot, layout_gridlike, grunt_pan_entry_in_and_out,
          ebering_ghost_gozag, hell_entry, hangedman_abyss_or_decor_stagger
Zot:1:    lemuel_acid_trip, layout_concentric_octagons

Skill      XL: |  1  2  3  4  5  6  7  8  9 10 11 12 13 14 15 16 17 18 19 20 21 22 23 24 25 |
---------------+----------------------------------------------------------------------------+-----
Axes           | 4 5 6 7 8 10 11 12 14 16 17 19 20 21 22 23 24 | 24.0
Fighting       | 3 4 5 6 8 10 11 13 15 16 18 19 20 21 22 23 24 25 26 27 | 27.0
Dodging        | 4 5 6 7 9 10 12 13 16 18 19 22 24 26 | 26.0
Throwing       | 4 5 |  5.6
Evocations     | 3 4 7 8 9 10 12 14 | 14.7
Armour         | 5 9 11 14 15 17 20 21 | 21.4
Shields        | 9 11 17 18 23 24 | 24.9

Action                     |  1- 3 |  4- 6 |  7- 9 | 10-12 | 13-15 | 16-18 | 19-21 | 22-24 | 25-27 || total
---------------------------+-------+-------+-------+-------+-------+-------+-------+-------+-------++-------
  Melee: War axe           |    48 |   118 |   271 |   603 |  1043 |  1467 |  1615 |  1308 |   538 ||  7011
         Headbutt          |     7 |    20 |    56 |   138 |   290 |   390 |   504 |   614 |   187 ||  2206
         Punch             |       |       |     5 |     9 |       |       |       |       |       ||    14
         Unarmed           |       |       |       |       |    10 |       |       |       |       ||    10
         Battleaxe         |       |       |       |       |       |       |       |   454 |       ||   454
  Throw: Throwing net      |       |     7 |       |       |       |       |       |       |       ||     7
         Javelin           |       |     1 |    11 |     2 |    10 |    13 |    19 |    11 |     3 ||    70
         Dart              |       |       |       |     5 |     2 |       |       |       |       ||     7
 Invoke: Curse Item        |       |     1 |       |     3 |     2 |     1 |     1 |     3 |       ||    11
         Shatter the Chain |       |       |       |       |       |     1 |     1 |     2 |       ||     4
  Evoke: Wand              |       |       |     2 |    28 |    14 |    46 |    36 |    62 |    24 ||   212
         Lightning rod     |       |       |       |       |       |       |     1 |       |       ||     1
    Use: Scroll            |     3 |     8 |     4 |     9 |     9 |    14 |     8 |    16 |     4 ||    75
         Potion            |       |       |     1 |     2 |     4 |     8 |     2 |     3 |       ||    20
   Stab: Invisible         |       |       |       |     2 |       |     6 |       |       |       ||     8
         Distracted        |       |       |       |       |     1 |     1 |       |     2 |     1 ||     5
         Paralysed         |       |       |       |       |       |       |       |     2 |       ||     2
         Confused          |       |       |       |       |       |       |       |       |     4 ||     4
 Armour: Leather armour    |     8 |       |       |       |       |       |       |       |       ||     8
         Ring mail         |     7 |    26 |    32 |     7 |       |       |       |       |       ||    72
         Scale mail        |       |       |       |    45 |       |       |       |       |       ||    45
         Crystal plate arm |       |       |       |   147 |   601 |   764 |   861 |   861 |   207 ||  3441
  Dodge: Dodged            |    33 |    66 |   145 |   323 |   450 |   592 |   686 |   878 |   262 ||  3435
  Block: Kite shield       |       |       |       |    41 |   373 |   733 |   981 |   978 |   441 ||  3547
